Nordiques vs Predators

Created - 12 décembre 2012 at 22:33

Goals
1 2 3 OT1 SO T
Nordiques 1 0 2 0 2 4
Predators 1 1 1 0 0 3
Shots
1 2 3 OT1 SO T
Nordiques 14 9 10 0 3 33
Predators 8 9 23 0 2 40

1st period

1. Nordiques , Mike Cammalleri 4 (Chris Phillips, Stephen Weiss) at 4:35
2. Predators , Alexander Ovechkin 8 (Joe Thornton) at 16:08

Penalties :
Oleg Saprykin (Nas) for Tripping (Minor) at 6:29, Richard Park (Nas) for Interference (Minor) at 9:09

2nd period

3. Predators , Jean-Pierre Dumont 3 (Alexander Edler, Mike Sillinger) at 17:03

Penalties :
Ian Moran (Que) for Charging (Minor) at 6:03, Mike Sillinger (Nas) for Hooking (Minor) at 12:57, Kent Huskins (Nas) for Hooking (Minor) at 19:07

3rd period

4. Nordiques , Maxim Afinogenov 4 (Dany Heatley, Saku Koivu) at 5:59
5. Predators , Barret Jackman 1 (Todd White, Mariusz Czerkawski) at 9:22
6. Nordiques , Chris Phillips 4 (Danny Richmond, Dany Heatley) at 10:43 (PP)

Penalties :
Stephen Weiss (Que) for Goalie Interference (Minor) at 7:14, Barret Jackman (Nas) for Boarding (Minor) at 10:27, Dany Heatley (Que) for Hooking (Minor) at 18:46

Overtime #1

No Goal

Penalties :
No Penalty

Shootout

Penalty Shot by Maxim Afinogenov for Nordiques - Stopped by Nikolai Khabibulin
Penalty Shot by Alexander Ovechkin for Predators - Stopped by John Grahame
Penalty Shot by Dany Heatley for Nordiques - Goal!
Penalty Shot by Joe Thornton for Predators - Stopped by John Grahame
Penalty Shot by Mike Cammalleri for Nordiques - Goal!

Penalties :
No Penalty

Goalie Stats

John Grahame (Que), 37 saves from 40 shots - (0,925), W, 1-1-0, 65:00 minutes
Nikolai Khabibulin (Nas), 30 saves from 33 shots - (0,909), OTL, 0-1-2, 65:00 minutes

Players Stats for Nordiques

Player Name              G  A  P  +/- PIM S  H  SB GA TA FO     MP     PP MP  PK MP  
------------------------------------------------------------------------------------
Alexei Ponikarovsky      0  0  0   0  0   2  1  0  0  0  0/0     8:54   0:00   1:25 
Chris Phillips           1  1  2   0  0   3  1  4  0  1  0/0    30:52   4:16   2:38 
Cory Sarich              0  0  0  -2  0   2  1  0  0  1  0/0    22:50   3:56   2:25 
Danny Richmond           0  1  1   1  0   2  2  0  3  1  0/0    31:14   4:16   3:32 
Dany Heatley             0  2  2   0  2   2  2  0  0  0  3/6    24:31   4:25   2:04 
Dave Scatchard           0  0  0   0  0   2  1  0  0  0  3/6     9:13   0:35   1:10 
Ian Moran                0  0  0   0  2   0  0  1  0  0  0/0    14:23   0:00   2:26 
Jan Hejda                0  0  0   0  0   1  0  1  0  0  0/0    11:45   0:00   0:53 
Karel Pilar              0  0  0  -1  0   3  0  2  0  0  0/0    18:59   3:56   0:00 
Kris Vernarsky           0  0  0  -2  0   2  0  1  0  0  2/5    11:01   0:00   0:00 
Matt Pettinger           0  0  0  -2  0   1  0  0  0  0  1/2    11:21   0:00   0:11 
Mattias Weinhandl        0  0  0   0  0   0  0  0  1  0  0/0     6:17   0:00   0:00 
Maxim Afinogenov         1  0  1   0  0   3  0  0  1  0  0/2    22:45   4:25   1:02 
Mike Cammalleri          1  0  1   1  0   1  1  0  1  0  1/3    17:49   3:47   0:00 
Rene Bourque             0  0  0   1  0   3  2  0  1  1  1/2    18:47   3:47   1:59 
Saku Koivu               0  1  1   0  0   0  0  0  1  2  11/21  23:13   3:28   2:47 
Stephen Weiss            0  1  1   1  2   3  0  0  0  0  12/20  19:05   4:09   0:30 
Valeri Bure              0  0  0  -2  0   3  1  0  0  0  0/0    11:01   0:00   0:00 

Players Stats for Predators

Player Name              G  A  P  +/- PIM S  H  SB GA TA FO     MP     PP MP  PK MP  
------------------------------------------------------------------------------------
Adrian Aucoin            0  0  0  -1  0   4  0  2  0  1  0/0    29:32   3:26   5:22 
Alexander Edler          0  1  1   1  0   2  0  1  1  0  0/0    17:24   1:45   0:00 
Alexander Ovechkin       1  0  1   1  0   4  3  0  2  0  2/3    24:58   2:42   3:16 
Antti Laaksonen          0  0  0   1  0   1  2  0  0  0  0/0     7:22   0:00   0:39 
Barret Jackman           1  0  1   1  2   1  3  2  0  2  0/0    18:15   0:00   2:50 
Chris Simon              0  0  0  -1  0   1  1  0  0  0  0/1    12:54   2:29   0:00 
Jean-Pierre Dumont       1  0  1   0  0   5  1  0  0  1  0/4    16:53   2:42   0:00 
Joe Thornton             0  1  1   1  0   0  3  0  1  0  18/31  23:13   2:42   1:32 
Kent Huskins             0  0  0  -1  2   2  0  1  1  1  0/0    20:32   0:00   2:01 
Mariusz Czerkawski       0  1  1   1  0   0  0  0  0  0  0/0     6:04   0:00   0:00 
Mikael Samuelsson        0  0  0  -1  0   3  0  0  0  0  0/0    12:54   2:29   0:00 
Mike Ribeiro             0  0  0  -1  0   5  1  0  0  0  4/7    15:29   2:29   0:43 
Mike Sillinger           0  1  1   0  2   6  2  1  0  1  4/13   17:34   0:00   3:24 
Oleg Saprykin            0  0  0   0  2   1  4  1  0  0  1/1    17:06   0:00   3:22 
Paul Mara                0  0  0   1  0   1  1  2  1  2  0/0    17:58   1:45   0:49 
Richard Park             0  0  0   1  2   2  0  0  0  0  0/1    16:59   0:00   0:00 
Robyn Regehr             0  0  0   1  0   1  0  1  0  0  0/0    26:23   3:26   5:22 
Todd White               0  1  1   1  0   1  2  1  0  0  4/6    10:13   0:00   3:28 

3 Stars

1 - Chris Phillips (Que)
2 - Alexander Ovechkin (Nas)
3 - Mike Cammalleri (Que)

Power Play

Nordiques - 1 on 5 Attempt(s) - 20,00%
Predators - 0 on 3 Attempt(s) - 0,00%

Penalty Kill

Nordiques - 3 on 3 Attempt(s) - 100,00% - Score 0 goal in Penalty Kill
Predators - 4 on 5 Attempt(s) - 80,00% - Score 0 goal in Penalty Kill

Official

Referees : VanMassenhoven Don and Pochmara Brian
Linesman : Mark Pare and Brad Kovachik

Game Notes

No Game Note

Finance

Level 1 -- Attendance: 4385 (73,08%) -- Ticket Income 434 115 $
Level 2 -- Attendance: 4543 (90,86%) -- Ticket Income 268 037 $
Level 3 -- Attendance: 1764 (88,20%) -- Ticket Income 56 448 $
Level 4 -- Attendance: 4000 (100,00%) -- Ticket Income 80 000 $
Luxury Box -- Attendance: 716 (71,60%) -- Ticket Income 143 200 $
Game was played at the Wildcat center
Total Attendance: 15408 (85,60%)
Total Ticket Income: 981 800 $
Total Income: 981 800 $

Nordiques

5 vs 5 Forward 
   Center                   Left Wing                Right Wing               Time % Phy DF OF 
 1 Saku Koivu               Dany Heatley             Maxim Afinogenov         40     1   1  3  
 2 Stephen Weiss            Mike Cammalleri          Rene Bourque             30     1   1  3  
 3 Kris Vernarsky           Matt Pettinger           Valeri Bure              20     1   3  1  
 4 Dave Scatchard           Alexei Ponikarovsky      Mattias Weinhandl        10     1   2  2  

5 vs 5 Defense 
   Defense                  Defense                                           Time % Phy DF OF 
 1 Chris Phillips           Danny Richmond                                    40     1   1  3  
 2 Cory Sarich              Karel Pilar                                       30     1   1  3  
 3 Ian Moran                Jan Hejda                                         20     1   3  1  
 4 Chris Phillips           Danny Richmond                                    10     1   2  2  

PowerPlay Forward 
   Center                   Left Wing                Right Wing               Time % Phy DF OF 
 1 Stephen Weiss            Dany Heatley             Maxim Afinogenov         60     1   0  4  
 2 Saku Koivu               Mike Cammalleri          Rene Bourque             40     1   0  4  

PowerPlay Defense
   Defense                  Defense                                           Time % Phy DF OF 
 1 Chris Phillips           Danny Richmond                                    60     1   1  3  
 2 Karel Pilar              Cory Sarich                                       40     1   1  3  

Penalty Kill 4 Players Forward 
   Center                   Wing                     Time % Phy DF OF 
 1 Saku Koivu               Dany Heatley             60     1   3  1  
 2 Stephen Weiss            Maxim Afinogenov         40     1   3  1  

Penalty Kill 4 Players Defense
   Defense                  Defense                  Time % Phy DF OF 
 1 Danny Richmond           Ian Moran                60     1   4  0  
 2 Cory Sarich              Chris Phillips           40     1   4  0  

Penalty Kill - 3 Players Forward 
   Forward                                           Time % Phy DF OF 
 1 Dany Heatley                                      60     1   3  1  
 2 Maxim Afinogenov                                  40     1   3  1  

Penalty Kill - 3 Players Defense
   Defense                  Defense                  Time % Phy DF OF 
 1 Danny Richmond           Ian Moran                60     1   4  0  
 2 Chris Phillips           Cory Sarich              40     1   4  0  

4 vs 4 Forward 
   Center                   Wing                     Time % Phy DF OF 
 1 Stephen Weiss            Dany Heatley             60     1   1  3  
 2 Saku Koivu               Maxim Afinogenov         40     1   1  3  

4 vs 4 Defense
   Defense                  Defense                  Time % Phy DF OF 
 1 Chris Phillips           Danny Richmond           60     1   2  2  
 2 Cory Sarich              Karel Pilar              40     1   2  2  

Last Minutes Offensive
   Center                   Left Wing                Right Wing               Defense                  Defense                  
   Stephen Weiss            Dany Heatley             Maxim Afinogenov         Chris Phillips           Danny Richmond           

Last Minutes Defensive
   Center                   Left Wing                Right Wing               Defense                  Defense                  
   Saku Koivu               Dany Heatley             Maxim Afinogenov         Danny Richmond           Ian Moran                

Goaltenders
Starting : John Grahame             
Backup : Roberto Luongo           

Extra Forwards
Normal : Mike Cammalleri, Dany Heatley, Maxim Afinogenov - PP : Mike Cammalleri, Dany Heatley - PK : Rene Bourque
Extra Defensemen
Normal : Danny Richmond, Chris Phillips, Karel Pilar - PP : Cory Sarich - PK : Chris Phillips, Danny Richmond
Penalty Shots
Maxim Afinogenov, Dany Heatley, Mike Cammalleri, Chris Phillips, Rene Bourque

Predators

5 vs 5 Forward 
   Center                   Left Wing                Right Wing               Time % Phy DF OF 
 1 Joe Thornton             Alexander Ovechkin       Richard Park             40     0   1  4  
 2 Mike Sillinger           Oleg Saprykin            Jean-Pierre Dumont       30     1   2  2  
 3 Mike Ribeiro             Chris Simon              Mikael Samuelsson        20     2   1  2  
 4 Todd White               Antti Laaksonen          Mariusz Czerkawski       10     1   2  2  

5 vs 5 Defense 
   Defense                  Defense                                           Time % Phy DF OF 
 1 Adrian Aucoin            Kent Huskins                                      40     0   3  2  
 2 Alexander Edler          Robyn Regehr                                      30     0   3  2  
 3 Barret Jackman           Paul Mara                                         20     0   3  2  
 4 Adrian Aucoin            Robyn Regehr                                      10     0   3  2  

PowerPlay Forward 
   Center                   Left Wing                Right Wing               Time % Phy DF OF 
 1 Joe Thornton             Alexander Ovechkin       Jean-Pierre Dumont       60     1   1  3  
 2 Mike Ribeiro             Chris Simon              Mikael Samuelsson        40     1   1  3  

PowerPlay Defense
   Defense                  Defense                                           Time % Phy DF OF 
 1 Adrian Aucoin            Robyn Regehr                                      60     1   2  2  
 2 Alexander Edler          Paul Mara                                         40     1   2  2  

Penalty Kill 4 Players Forward 
   Center                   Wing                     Time % Phy DF OF 
 1 Mike Sillinger           Oleg Saprykin            60     1   3  1  
 2 Todd White               Alexander Ovechkin       40     1   3  1  

Penalty Kill 4 Players Defense
   Defense                  Defense                  Time % Phy DF OF 
 1 Adrian Aucoin            Robyn Regehr             60     1   2  2  
 2 Barret Jackman           Kent Huskins             40     1   2  2  

Penalty Kill - 3 Players Forward 
   Forward                                           Time % Phy DF OF 
 1 Mike Sillinger                                    60     1   2  2  
 2 Todd White                                        40     1   2  2  

Penalty Kill - 3 Players Defense
   Defense                  Defense                  Time % Phy DF OF 
 1 Adrian Aucoin            Robyn Regehr             60     1   2  2  
 2 Barret Jackman           Kent Huskins             40     1   2  2  

4 vs 4 Forward 
   Center                   Wing                     Time % Phy DF OF 
 1 Alexander Ovechkin       Joe Thornton             60     1   2  2  
 2 Mike Ribeiro             Jean-Pierre Dumont       40     1   2  2  

4 vs 4 Defense
   Defense                  Defense                  Time % Phy DF OF 
 1 Adrian Aucoin            Robyn Regehr             60     1   2  2  
 2 Alexander Edler          Kent Huskins             40     1   2  2  

Last Minutes Offensive
   Center                   Left Wing                Right Wing               Defense                  Defense                  
   Joe Thornton             Alexander Ovechkin       Jean-Pierre Dumont       Adrian Aucoin            Robyn Regehr             

Last Minutes Defensive
   Center                   Left Wing                Right Wing               Defense                  Defense                  
   Joe Thornton             Alexander Ovechkin       Jean-Pierre Dumont       Adrian Aucoin            Robyn Regehr             

Goaltenders
Starting : Nikolai Khabibulin       
Backup : Rick DiPietro            

Extra Forwards
Normal : Mike Sillinger, Oleg Saprykin, Todd White - PP : Mike Sillinger, Oleg Saprykin - PK : Todd White
Extra Defensemen
Normal : Barret Jackman, Paul Mara, Alexander Edler - PP : Barret Jackman - PK : Paul Mara, Alexander Edler
Penalty Shots
Alexander Ovechkin, Joe Thornton, Mike Ribeiro, Jean-Pierre Dumont, Chris Simon

% Time on Ice - Nordiques

Lines # - Real PCT - Wanted PCT - Time Play
Normal Forward
1 - 35% - 40% - 16:18
2 - 28% - 30% - 13:01
3 - 24% - 20% - 11:01
4 - 13% - 10% - 6:17
Normal Defense
1 - 42% - 40% - 19:35
2 - 30% - 30% - 13:55
3 - 23% - 20% - 10:31
4 - 6% - 10% - 2:36
PP Forward
1 - 54% - 60% - 4:25
2 - 46% - 40% - 3:47
PP Defense
1 - 52% - 60% - 4:16
2 - 48% - 40% - 3:56
PK Forward
1 - 80% - 60% - 4:09
2 - 20% - 40% - 1:02
PK Defense
1 - 76% - 60% - 3:57
2 - 24% - 40% - 1:14
PK3 Forward
1 - 100% - 60% - 0:46
2 - 0% - 40% - 0:00
PK3 Defense
1 - 61% - 60% - 0:28
2 - 39% - 40% - 0:18
44 Forward
1 - 85% - 60% - 3:36
2 - 15% - 40% - 0:38
44 Defense
1 - 38% - 60% - 1:36
2 - 62% - 40% - 2:38
Last Minute Offensive  - 0:00
Last Minute Defensive  - 0:00
Total
Forward - 65:00
Defense - 65:00

% Time on Ice - Predators

Lines # - Real PCT - Wanted PCT - Time Play
Normal Forward
1 - 38% - 40% - 17:32
2 - 27% - 30% - 12:36
3 - 22% - 20% - 10:25
4 - 13% - 10% - 6:04
Normal Defense
1 - 38% - 40% - 17:38
2 - 30% - 30% - 14:01
3 - 30% - 20% - 14:04
4 - 2% - 10% - 0:54
PP Forward
1 - 52% - 60% - 2:42
2 - 48% - 40% - 2:29
PP Defense
1 - 66% - 60% - 3:26
2 - 34% - 40% - 1:45
PK Forward
1 - 78% - 60% - 6:25
2 - 22% - 40% - 1:47
PK Defense
1 - 65% - 60% - 5:22
2 - 35% - 40% - 2:50
PK3 Forward
1 - 0% - 60%
2 - 0% - 40%
PK3 Defense
1 - 0% - 60%
2 - 0% - 40%
44 Forward
1 - 69% - 60% - 3:26
2 - 31% - 40% - 1:34
44 Defense
1 - 64% - 60% - 3:11
2 - 36% - 40% - 1:49
Last Minute Offensive  - 0:00
Last Minute Defensive  - 0:00
Total
Forward - 65:00
Defense - 65:00

Play by Play

1st period


0:01 of 1st period - Joe Thornton wins face-off versus Saku Koivu in neutral zone.
0:31 of 1st period - Slapshot by Alexander Edler.
0:31 of 1st period - Deflect By Danny Richmond.
0:31 of 1st period - Stopped by John Grahame with a rebound.
0:33 of 1st period - Wrist shot by Robyn Regehr.
0:33 of 1st period - Shot Blocked by Chris Phillips.
1:17 of 1st period - Slapshot by Todd White.
1:17 of 1st period - Shot Misses the Net.
1:23 of 1st period - Alexander Edler is hit by Alexei Ponikarovsky.
2:14 of 1st period - Wrist shot by Mike Ribeiro.
2:14 of 1st period - Shot Misses the Net.
2:16 of 1st period - Snap shot by Mike Ribeiro.
2:16 of 1st period - Shot Blocked by Kris Vernarsky.
2:18 of 1st period - Snap shot by Mikael Samuelsson.
2:18 of 1st period - Stopped by John Grahame with a rebound.
2:42 of 1st period - Slapshot by Adrian Aucoin.
2:42 of 1st period - Stopped by John Grahame with a rebound.
3:22 of 1st period - Backhand shot by Mike Cammalleri.
3:22 of 1st period - Shot Blocked by Barret Jackman.
3:45 of 1st period - Icing by Chris Simon.
3:46 of 1st period - Mike Ribeiro wins face-off versus Stephen Weiss in Predators zone.
3:53 of 1st period - Wrist shot by Rene Bourque.
3:53 of 1st period - Stopped by Nikolai Khabibulin without a rebound.
3:54 of 1st period - Stephen Weiss wins face-off versus Joe Thornton in Predators zone.
4:31 of 1st period - Wrist shot by Stephen Weiss.
4:31 of 1st period - Shot Blocked by Robyn Regehr.
4:35 of 1st period - Wrist shot by Mike Cammalleri.
4:35 of 1st period - Goal by Mike Cammalleri - Nordiques : 1 - Predators : 0.
4:36 of 1st period - Joe Thornton wins face-off versus Saku Koivu in neutral zone.
5:07 of 1st period - Snap shot by Matt Pettinger.
5:07 of 1st period - Shot Misses the Net.
5:09 of 1st period - Slapshot by Chris Phillips.
5:09 of 1st period - Shot Misses the Net.
5:25 of 1st period - Slapshot by Adrian Aucoin.
5:25 of 1st period - Stopped by John Grahame without a rebound.
5:26 of 1st period - Saku Koivu wins face-off versus Todd White in Nordiques zone.
6:06 of 1st period - Chris Phillips is hit by Barret Jackman and loses puck.
6:24 of 1st period - Wrist shot by Rene Bourque.
6:24 of 1st period - Shot Blocked by Mike Sillinger.
6:26 of 1st period - Slapshot by Danny Richmond.
6:26 of 1st period - Stopped by Nikolai Khabibulin with a rebound.
6:29 of 1st period - Minor Penalty to Oleg Saprykin for Tripping.
6:30 of 1st period - Dany Heatley wins face-off versus Mike Sillinger in Predators zone.
6:33 of 1st period - Backhand shot by Maxim Afinogenov.
6:33 of 1st period - Shot Misses the Net.
6:35 of 1st period - Slapshot by Chris Phillips.
6:35 of 1st period - Stopped by Nikolai Khabibulin without a rebound.
6:36 of 1st period - Mike Sillinger wins face-off versus Stephen Weiss in Predators zone.
7:17 of 1st period - Danny Richmond is hit by Todd White and loses puck.
8:06 of 1st period - Danny Richmond is hit by Antti Laaksonen and loses puck.
8:29 of 1st period - Penalty to Oleg Saprykin is over, Oleg Saprykin is back on ice.
8:38 of 1st period - Icing by Oleg Saprykin.
8:39 of 1st period - Matt Pettinger wins face-off versus Mike Ribeiro in Predators zone.
8:46 of 1st period - Snap shot by Kris Vernarsky.
8:46 of 1st period - Stopped by Nikolai Khabibulin without a rebound.
8:47 of 1st period - Kris Vernarsky wins face-off versus Mike Ribeiro in Predators zone.
9:09 of 1st period - Minor Penalty to Richard Park for Interference.
9:10 of 1st period - Stephen Weiss wins face-off versus Todd White in Predators zone.
9:11 of 1st period - Wrist shot by Maxim Afinogenov.
9:11 of 1st period - Stopped by Nikolai Khabibulin without a rebound.
9:12 of 1st period - Todd White wins face-off versus Stephen Weiss in Predators zone.
9:12 of 1st period - Todd White is hit by Danny Richmond.
11:09 of 1st period - Penalty to Richard Park is over, Richard Park is back on ice.
11:28 of 1st period - Backhand shot by Mike Ribeiro.
11:28 of 1st period - Shot Blocked by Ian Moran.
11:40 of 1st period - Snap shot by Chris Simon.
11:40 of 1st period - Shot Misses the Net.
11:42 of 1st period - Wrist shot by Alexander Ovechkin.
11:42 of 1st period - Shot Misses the Net.
11:48 of 1st period - Snap shot by Dave Scatchard.
11:48 of 1st period - Shot Misses the Net.
11:50 of 1st period - Snap shot by Alexei Ponikarovsky.
11:50 of 1st period - Stopped by Nikolai Khabibulin with a rebound.
12:00 of 1st period - Valeri Bure is hit by Mike Sillinger and loses puck.
12:32 of 1st period - Slapshot by Robyn Regehr.
12:32 of 1st period - Shot Misses the Net.
13:14 of 1st period - Stephen Weiss is hit by Alexander Ovechkin and loses puck.
13:19 of 1st period - Slapshot by Alexander Ovechkin.
13:19 of 1st period - Shot Misses the Net.
14:22 of 1st period - Wrist shot by Mattias Weinhandl.
14:22 of 1st period - Deflect By Dave Scatchard.
14:22 of 1st period - Stopped by Nikolai Khabibulin without a rebound.
14:23 of 1st period - Mike Ribeiro wins face-off versus Dave Scatchard in Predators zone.
14:48 of 1st period - Alexei Ponikarovsky is hit by Joe Thornton and loses puck.
15:05 of 1st period - Slapshot by Alexei Ponikarovsky.
15:05 of 1st period - Stopped by Nikolai Khabibulin without a rebound.
15:06 of 1st period - Saku Koivu wins face-off versus Mike Sillinger in Predators zone.
15:07 of 1st period - Backhand shot by Dany Heatley.
15:07 of 1st period - Stopped by Nikolai Khabibulin with a rebound.
15:19 of 1st period - Wrist shot by Mike Sillinger.
15:19 of 1st period - Stopped by John Grahame with a rebound.
15:21 of 1st period - Slapshot by Adrian Aucoin.
15:21 of 1st period - Stopped by John Grahame with a rebound.
15:35 of 1st period - Wrist shot by Danny Richmond.
15:35 of 1st period - Stopped by Nikolai Khabibulin without a rebound.
15:36 of 1st period - Stephen Weiss wins face-off versus Joe Thornton in Predators zone.
15:37 of 1st period - Snap shot by Rene Bourque.
15:37 of 1st period - Shot Misses the Net.
15:39 of 1st period - Wrist shot by Stephen Weiss.
15:39 of 1st period - Shot Misses the Net.
15:41 of 1st period - Wrist shot by Rene Bourque.
15:41 of 1st period - Stopped by Nikolai Khabibulin with a rebound.
15:43 of 1st period - Slapshot by Cory Sarich.
15:43 of 1st period - Stopped by Nikolai Khabibulin without a rebound.
15:44 of 1st period - Joe Thornton wins face-off versus Saku Koivu in Predators zone.
15:44 of 1st period - Joe Thornton is hit by Dany Heatley.
16:08 of 1st period - Slapshot by Alexander Ovechkin.
16:08 of 1st period - Goal by Alexander Ovechkin - Nordiques : 1 - Predators : 1.
16:09 of 1st period - Saku Koivu wins face-off versus Joe Thornton in neutral zone.
16:55 of 1st period - Snap shot by Valeri Bure.
16:55 of 1st period - Shot Misses the Net.
16:57 of 1st period - Backhand shot by Karel Pilar.
16:57 of 1st period - Stopped by Nikolai Khabibulin with a rebound.
17:51 of 1st period - Off-side.
17:52 of 1st period - Joe Thornton wins face-off versus Stephen Weiss in neutral zone.
18:19 of 1st period - Danny Richmond is hit by Oleg Saprykin.
18:25 of 1st period - Wrist shot by Oleg Saprykin.
18:25 of 1st period - Stopped by John Grahame with a rebound.
18:37 of 1st period - Kent Huskins is hit by Dave Scatchard and loses puck.
18:44 of 1st period - Chris Phillips is hit by Chris Simon and loses puck.
19:24 of 1st period - Off-side.
19:25 of 1st period - Stephen Weiss wins face-off versus Joe Thornton in neutral zone.

2nd period


0:01 of 2nd period - Saku Koivu wins face-off versus Richard Park in neutral zone.
0:16 of 2nd period - Slapshot by Richard Park.
0:16 of 2nd period - Stopped by John Grahame with a rebound.
0:31 of 2nd period - Icing by Kent Huskins.
0:32 of 2nd period - Stephen Weiss wins face-off versus Mike Sillinger in Predators zone.
0:33 of 2nd period - Snap shot by Rene Bourque.
0:33 of 2nd period - Deflect By Stephen Weiss.
0:33 of 2nd period - Shot Blocked by Oleg Saprykin.
0:33 of 2nd period - Puck is out of play.
0:34 of 2nd period - Stephen Weiss wins face-off versus Joe Thornton in Predators zone.
1:01 of 2nd period - Slapshot by Alexander Edler.
1:01 of 2nd period - Shot Misses the Net.
1:09 of 2nd period - Snap shot by Mike Sillinger.
1:09 of 2nd period - Stopped by John Grahame without a rebound.
1:10 of 2nd period - Joe Thornton wins face-off versus Saku Koivu in Nordiques zone.
1:39 of 2nd period - Icing by Rene Bourque.
1:40 of 2nd period - Oleg Saprykin wins face-off versus Mike Cammalleri in Nordiques zone.
1:41 of 2nd period - Wrist shot by Jean-Pierre Dumont.
1:41 of 2nd period - Stopped by John Grahame without a rebound.
1:42 of 2nd period - Joe Thornton wins face-off versus Dany Heatley in Nordiques zone.
2:27 of 2nd period - Off-side.
2:28 of 2nd period - Kris Vernarsky wins face-off versus Chris Simon in neutral zone.
2:31 of 2nd period - Mike Ribeiro is hit by Chris Phillips and loses puck.
2:43 of 2nd period - Snap shot by Valeri Bure.
2:43 of 2nd period - Stopped by Nikolai Khabibulin without a rebound.
2:44 of 2nd period - Joe Thornton wins face-off versus Saku Koivu in Predators zone.
3:20 of 2nd period - Wrist shot by Jean-Pierre Dumont.
3:20 of 2nd period - Stopped by John Grahame without a rebound.
3:21 of 2nd period - Mike Cammalleri wins face-off versus Mike Sillinger in Nordiques zone.
3:38 of 2nd period - Slapshot by Kent Huskins.
3:38 of 2nd period - Stopped by John Grahame without a rebound.
3:39 of 2nd period - Joe Thornton wins face-off versus Maxim Afinogenov in Nordiques zone.
4:08 of 2nd period - Adrian Aucoin is hit by Mike Cammalleri and loses puck.
5:06 of 2nd period - Icing by Saku Koivu.
5:07 of 2nd period - Joe Thornton wins face-off versus Dany Heatley in Nordiques zone.
5:40 of 2nd period - Snap shot by Oleg Saprykin.
5:40 of 2nd period - Shot Misses the Net.
5:42 of 2nd period - Backhand shot by Mike Sillinger.
5:42 of 2nd period - Stopped by John Grahame with a rebound.
5:52 of 2nd period - Paul Mara is hit by Valeri Bure and loses puck.
6:03 of 2nd period - Minor Penalty to Ian Moran for Charging.
6:04 of 2nd period - Saku Koivu wins face-off versus Joe Thornton in Nordiques zone.
7:08 of 2nd period - Jean-Pierre Dumont is hit by Rene Bourque and loses puck.
8:03 of 2nd period - Penalty to Ian Moran is over, Ian Moran is back on ice.
8:12 of 2nd period - Barret Jackman is hit by Cory Sarich and loses puck.
8:23 of 2nd period - Backhand shot by Matt Pettinger.
8:23 of 2nd period - Stopped by Nikolai Khabibulin without a rebound.
8:24 of 2nd period - Rene Bourque wins face-off versus Jean-Pierre Dumont in Predators zone.
8:27 of 2nd period - Snap shot by Stephen Weiss.
8:27 of 2nd period - Stopped by Nikolai Khabibulin without a rebound.
8:28 of 2nd period - Stephen Weiss wins face-off versus Jean-Pierre Dumont in Predators zone.
9:21 of 2nd period - Snap shot by Alexander Ovechkin.
9:21 of 2nd period - Stopped by John Grahame without a rebound.
9:22 of 2nd period - Saku Koivu wins face-off versus Joe Thornton in Nordiques zone.
9:29 of 2nd period - Wrist shot by Alexander Ovechkin.
9:29 of 2nd period - Stopped by John Grahame without a rebound.
9:30 of 2nd period - Dany Heatley wins face-off versus Joe Thornton in Nordiques zone.
9:35 of 2nd period - Snap shot by Jan Hejda.
9:35 of 2nd period - Stopped by Nikolai Khabibulin with a rebound.
10:29 of 2nd period - Snap shot by Alexander Ovechkin.
10:29 of 2nd period - Deflect By Joe Thornton.
10:29 of 2nd period - Shot Misses the Net.
10:29 of 2nd period - Puck is out of play.
10:30 of 2nd period - Stephen Weiss wins face-off versus Mike Sillinger in Nordiques zone.
10:41 of 2nd period - Snap shot by Stephen Weiss.
10:41 of 2nd period - Stopped by Nikolai Khabibulin without a rebound.
10:42 of 2nd period - Stephen Weiss wins face-off versus Jean-Pierre Dumont in Predators zone.
11:24 of 2nd period - Icing by Chris Phillips.
11:25 of 2nd period - Todd White wins face-off versus Matt Pettinger in Nordiques zone.
11:32 of 2nd period - Valeri Bure is hit by Alexander Ovechkin.
12:04 of 2nd period - Snap shot by Matt Pettinger.
12:04 of 2nd period - Shot Misses the Net.
12:28 of 2nd period - Wrist shot by Valeri Bure.
12:28 of 2nd period - Stopped by Nikolai Khabibulin with a rebound.
12:30 of 2nd period - Snap shot by Kris Vernarsky.
12:30 of 2nd period - Stopped by Nikolai Khabibulin without a rebound.
12:31 of 2nd period - Dany Heatley wins face-off versus Joe Thornton in Predators zone.
12:40 of 2nd period - Wrist shot by Saku Koivu.
12:40 of 2nd period - Shot Misses the Net.
12:57 of 2nd period - Minor Penalty to Mike Sillinger for Hooking.
12:58 of 2nd period - Todd White wins face-off versus Stephen Weiss in Predators zone.
13:23 of 2nd period - Mike Cammalleri is hit by Oleg Saprykin and loses puck.
14:54 of 2nd period - Rene Bourque is hit by Antti Laaksonen and loses puck.
14:57 of 2nd period - Penalty to Mike Sillinger is over, Mike Sillinger is back on ice.
15:09 of 2nd period - Antti Laaksonen is hit by Danny Richmond and loses puck.
15:14 of 2nd period - Snap shot by Valeri Bure.
15:14 of 2nd period - Stopped by Nikolai Khabibulin without a rebound.
15:15 of 2nd period - Dave Scatchard wins face-off versus Mike Sillinger in Predators zone.
15:26 of 2nd period - Snap shot by Mike Sillinger.
15:26 of 2nd period - Shot Misses the Net.
16:16 of 2nd period - Chris Phillips is hit by Todd White and loses puck.
17:03 of 2nd period - Slapshot by Jean-Pierre Dumont.
17:03 of 2nd period - Goal by Jean-Pierre Dumont - Nordiques : 1 - Predators : 2.
17:04 of 2nd period - Joe Thornton wins face-off versus Saku Koivu in neutral zone.
17:58 of 2nd period - Wrist shot by Dave Scatchard.
17:58 of 2nd period - Deflect By Mattias Weinhandl.
17:58 of 2nd period - Shot Blocked by Barret Jackman.
17:58 of 2nd period - Puck is out of play.
17:59 of 2nd period - Dave Scatchard wins face-off versus Mike Ribeiro in Predators zone.
18:02 of 2nd period - Snap shot by Dave Scatchard.
18:02 of 2nd period - Stopped by Nikolai Khabibulin without a rebound.
18:03 of 2nd period - Joe Thornton wins face-off versus Dany Heatley in Predators zone.
18:37 of 2nd period - Chris Phillips is hit by Joe Thornton and loses puck.
18:50 of 2nd period - Wrist shot by Dany Heatley.
18:50 of 2nd period - Shot Blocked by Kent Huskins.
18:52 of 2nd period - Snap shot by Dany Heatley.
18:52 of 2nd period - Shot Blocked by Adrian Aucoin.
18:54 of 2nd period - Snap shot by Dany Heatley.
18:54 of 2nd period - Shot Misses the Net.
19:07 of 2nd period - Minor Penalty to Kent Huskins for Hooking.
19:08 of 2nd period - Dave Scatchard wins face-off versus Mike Sillinger in Predators zone.

3rd period


0:01 of 3rd period - Mike Sillinger wins face-off versus Stephen Weiss in neutral zone.
0:04 of 3rd period - Snap shot by Mike Sillinger.
0:04 of 3rd period - Stopped by John Grahame with a rebound.
1:07 of 3rd period - Penalty to Kent Huskins is over, Kent Huskins is back on ice.
2:28 of 3rd period - Danny Richmond is hit by Oleg Saprykin.
2:42 of 3rd period - Slapshot by Chris Phillips.
2:42 of 3rd period - Shot Blocked by Paul Mara.
2:44 of 3rd period - Wrist shot by Dave Scatchard.
2:44 of 3rd period - Shot Hit the Post.
2:46 of 3rd period - Slapshot by Chris Phillips.
2:46 of 3rd period - Shot Blocked by Paul Mara.
2:48 of 3rd period - Slapshot by Danny Richmond.
2:48 of 3rd period - Shot Blocked by Todd White.
3:04 of 3rd period - Slapshot by Stephen Weiss.
3:04 of 3rd period - Shot Misses the Net.
3:06 of 3rd period - Slapshot by Karel Pilar.
3:06 of 3rd period - Stopped by Nikolai Khabibulin with a rebound.
3:28 of 3rd period - Snap shot by Alexander Ovechkin.
3:28 of 3rd period - Shot Misses the Net.
4:04 of 3rd period - Snap shot by Todd White.
4:04 of 3rd period - Stopped by John Grahame without a rebound.
4:05 of 3rd period - Stephen Weiss wins face-off versus Joe Thornton in Nordiques zone.
4:13 of 3rd period - Off-side.
4:14 of 3rd period - Stephen Weiss wins face-off versus Alexander Ovechkin in neutral zone.
4:46 of 3rd period - Wrist shot by Joe Thornton.
4:46 of 3rd period - Shot Blocked by Chris Phillips.
5:34 of 3rd period - Snap shot by Mike Cammalleri.
5:34 of 3rd period - Shot Blocked by Alexander Edler.
5:36 of 3rd period - Wrist shot by Chris Phillips.
5:36 of 3rd period - Stopped by Nikolai Khabibulin with a rebound.
5:38 of 3rd period - Slapshot by Mike Cammalleri.
5:38 of 3rd period - Shot Misses the Net.
5:40 of 3rd period - Snap shot by Danny Richmond.
5:40 of 3rd period - Shot Misses the Net.
5:42 of 3rd period - Wrist shot by Stephen Weiss.
5:42 of 3rd period - Deflect By Alexander Ovechkin.
5:42 of 3rd period - Shot Misses the Net.
5:42 of 3rd period - Puck is out of play.
5:43 of 3rd period - Saku Koivu wins face-off versus Mike Sillinger in Predators zone.
5:44 of 3rd period - Wrist shot by Maxim Afinogenov.
5:44 of 3rd period - Stopped by Nikolai Khabibulin with a rebound.
5:46 of 3rd period - Snap shot by Karel Pilar.
5:46 of 3rd period - Stopped by Nikolai Khabibulin without a rebound.
5:47 of 3rd period - Mike Sillinger wins face-off versus Maxim Afinogenov in Predators zone.
5:47 of 3rd period - Mike Sillinger is hit by Dany Heatley.
5:55 of 3rd period - Snap shot by Saku Koivu.
5:55 of 3rd period - Shot Misses the Net.
5:57 of 3rd period - Slapshot by Dany Heatley.
5:57 of 3rd period - Stopped by Nikolai Khabibulin with a rebound.
5:59 of 3rd period - Wrist shot by Maxim Afinogenov.
5:59 of 3rd period - Goal by Maxim Afinogenov - Nordiques : 2 - Predators : 2.
6:00 of 3rd period - Mike Sillinger wins face-off versus Saku Koivu in neutral zone.
6:05 of 3rd period - Snap shot by Mike Sillinger.
6:05 of 3rd period - Stopped by John Grahame with a rebound.
6:09 of 3rd period - Backhand shot by Jean-Pierre Dumont.
6:09 of 3rd period - Stopped by John Grahame with a rebound.
6:11 of 3rd period - Slapshot by Kent Huskins.
6:11 of 3rd period - Stopped by John Grahame with a rebound.
6:29 of 3rd period - Off-side.
6:30 of 3rd period - Joe Thornton wins face-off versus Kris Vernarsky in neutral zone.
6:57 of 3rd period - Snap shot by Jean-Pierre Dumont.
6:57 of 3rd period - Stopped by John Grahame with a rebound.
6:59 of 3rd period - Snap shot by Oleg Saprykin.
6:59 of 3rd period - Shot Misses the Net.
7:01 of 3rd period - Slapshot by Paul Mara.
7:01 of 3rd period - Shot Misses the Net.
7:14 of 3rd period - Minor Penalty to Stephen Weiss for Goalie Interference.
7:15 of 3rd period - Saku Koivu wins face-off versus Jean-Pierre Dumont in Nordiques zone.
7:15 of 3rd period - Saku Koivu is hit by Alexander Ovechkin.
8:17 of 3rd period - Wrist shot by Rene Bourque.
8:17 of 3rd period - Stopped by Nikolai Khabibulin with a rebound.
9:14 of 3rd period - Penalty to Stephen Weiss is over, Stephen Weiss is back on ice.
9:20 of 3rd period - Snap shot by Todd White.
9:20 of 3rd period - Shot Blocked by Chris Phillips.
9:22 of 3rd period - Slapshot by Barret Jackman.
9:22 of 3rd period - Goal by Barret Jackman - Nordiques : 2 - Predators : 3.
9:23 of 3rd period - Stephen Weiss wins face-off versus Mike Sillinger in neutral zone.
9:32 of 3rd period - Mike Cammalleri is hit by Barret Jackman.
9:44 of 3rd period - Jean-Pierre Dumont is hit by Rene Bourque and loses puck.
10:12 of 3rd period - Ian Moran is hit by Barret Jackman.
10:18 of 3rd period - Slapshot by Stephen Weiss.
10:18 of 3rd period - Stopped by Nikolai Khabibulin with a rebound.
10:27 of 3rd period - Minor Penalty to Barret Jackman for Boarding.
10:28 of 3rd period - Todd White wins face-off versus Dave Scatchard in Predators zone.
10:41 of 3rd period - Slapshot by Danny Richmond.
10:41 of 3rd period - Shot Blocked by Adrian Aucoin.
10:43 of 3rd period - Slapshot by Chris Phillips.
10:43 of 3rd period - Goal by Chris Phillips - Nordiques : 3 - Predators : 3.
10:44 of 3rd period - Joe Thornton wins face-off versus Saku Koivu in neutral zone.
11:33 of 3rd period - Snap shot by Valeri Bure.
11:33 of 3rd period - Shot Misses the Net.
11:35 of 3rd period - Wrist shot by Danny Richmond.
11:35 of 3rd period - Shot Hit the Post.
12:01 of 3rd period - Wrist shot by Robyn Regehr.
12:01 of 3rd period - Deflect By Dave Scatchard.
12:01 of 3rd period - Stopped by John Grahame without a rebound.
12:02 of 3rd period - Saku Koivu wins face-off versus Joe Thornton in Nordiques zone.
12:17 of 3rd period - Wrist shot by Maxim Afinogenov.
12:17 of 3rd period - Shot Misses the Net.
12:27 of 3rd period - Stephen Weiss is hit by Oleg Saprykin and loses puck.
12:46 of 3rd period - Wrist shot by Barret Jackman.
12:46 of 3rd period - Shot Blocked by Jan Hejda.
12:48 of 3rd period - Snap shot by Mike Ribeiro.
12:48 of 3rd period - Shot Misses the Net.
12:50 of 3rd period - Slapshot by Paul Mara.
12:50 of 3rd period - Stopped by John Grahame without a rebound.
12:51 of 3rd period - Mike Ribeiro wins face-off versus Saku Koivu in Nordiques zone.
12:54 of 3rd period - Wrist shot by Mike Ribeiro.
12:54 of 3rd period - Shot Misses the Net.
12:56 of 3rd period - Backhand shot by Mike Ribeiro.
12:56 of 3rd period - Stopped by John Grahame with a rebound.
13:00 of 3rd period - Backhand shot by Chris Simon.
13:00 of 3rd period - Stopped by John Grahame with a rebound.
13:04 of 3rd period - Snap shot by Mike Ribeiro.
13:04 of 3rd period - Stopped by John Grahame with a rebound.
13:06 of 3rd period - Slapshot by Chris Simon.
13:06 of 3rd period - Shot Misses the Net.
13:08 of 3rd period - Snap shot by Adrian Aucoin.
13:08 of 3rd period - Shot Misses the Net.
13:10 of 3rd period - Wrist shot by Mike Ribeiro.
13:10 of 3rd period - Shot Misses the Net.
13:18 of 3rd period - Snap shot by Mike Ribeiro.
13:18 of 3rd period - Stopped by John Grahame with a rebound.
13:20 of 3rd period - Slapshot by Mike Ribeiro.
13:20 of 3rd period - Stopped by John Grahame with a rebound.
13:22 of 3rd period - Slapshot by Alexander Edler.
13:22 of 3rd period - Shot Blocked by Chris Phillips.
13:48 of 3rd period - Wrist shot by Mike Ribeiro.
13:48 of 3rd period - Stopped by John Grahame with a rebound.
14:07 of 3rd period - Snap shot by Mikael Samuelsson.
14:07 of 3rd period - Stopped by John Grahame without a rebound.
14:08 of 3rd period - Joe Thornton wins face-off versus Stephen Weiss in Nordiques zone.
14:11 of 3rd period - Slapshot by Joe Thornton.
14:11 of 3rd period - Deflect By Alexander Ovechkin.
14:11 of 3rd period - Stopped by John Grahame with a rebound.
14:13 of 3rd period - Slapshot by Alexander Edler.
14:13 of 3rd period - Deflect By Cory Sarich.
14:13 of 3rd period - Stopped by John Grahame without a rebound.
14:14 of 3rd period - Joe Thornton wins face-off versus Mike Cammalleri in Nordiques zone.
14:25 of 3rd period - Wrist shot by Alexander Ovechkin.
14:25 of 3rd period - Shot Hit the Post.
14:27 of 3rd period - Wrist shot by Joe Thornton.
14:27 of 3rd period - Shot Misses the Net.
14:31 of 3rd period - Wrist shot by Joe Thornton.
14:31 of 3rd period - Shot Blocked by Karel Pilar.
14:51 of 3rd period - Snap shot by Jean-Pierre Dumont.
14:51 of 3rd period - Shot Blocked by Karel Pilar.
15:21 of 3rd period - Slapshot by Cory Sarich.
15:21 of 3rd period - Stopped by Nikolai Khabibulin without a rebound.
15:22 of 3rd period - Joe Thornton wins face-off versus Stephen Weiss in Predators zone.
17:09 of 3rd period - Wrist shot by Mike Sillinger.
17:09 of 3rd period - Stopped by John Grahame without a rebound.
17:10 of 3rd period - Mike Ribeiro wins face-off versus Kris Vernarsky in Nordiques zone.
17:21 of 3rd period - Wrist shot by Mikael Samuelsson.
17:21 of 3rd period - Stopped by John Grahame with a rebound.
17:41 of 3rd period - Wrist shot by Alexander Ovechkin.
17:41 of 3rd period - Shot Hit the Post.
17:43 of 3rd period - Snap shot by Richard Park.
17:43 of 3rd period - Stopped by John Grahame with a rebound.
17:45 of 3rd period - Slapshot by Adrian Aucoin.
17:45 of 3rd period - Stopped by John Grahame without a rebound.
17:46 of 3rd period - Saku Koivu wins face-off versus Joe Thornton in Nordiques zone.
18:08 of 3rd period - Icing by Alexander Edler.
18:09 of 3rd period - Joe Thornton wins face-off versus Kris Vernarsky in Predators zone.
18:45 of 3rd period - Wrist shot by Antti Laaksonen.
18:45 of 3rd period - Stopped by John Grahame without a rebound.
18:46 of 3rd period - Joe Thornton wins face-off versus Saku Koivu in Nordiques zone.
18:46 of 3rd period - Minor Penalty to Dany Heatley for Hooking.
18:47 of 3rd period - Saku Koivu wins face-off versus Joe Thornton in Nordiques zone.
18:58 of 3rd period - Ian Moran is hit by Joe Thornton and loses puck.
19:21 of 3rd period - Alexei Ponikarovsky is hit by Mike Ribeiro and loses puck.

Overtime #1


0:01 of 1st overtime period - Alexander Ovechkin wins face-off versus Rene Bourque in neutral zone.
0:46 of 1st overtime period - Penalty to Dany Heatley is over, Dany Heatley is back on ice.
0:53 of 1st overtime period - Wrist shot by Mike Ribeiro.
0:53 of 1st overtime period - Shot Misses the Net.
1:00 of 1st overtime period - Icing by Dany Heatley.
1:01 of 1st overtime period - Alexander Ovechkin wins face-off versus Dave Scatchard in Nordiques zone.
3:17 of 1st overtime period - Chris Phillips is hit by Mike Sillinger and loses puck.
3:30 of 1st overtime period - Chris Phillips is hit by Paul Mara and loses puck.
4:53 of 1st overtime period - Cory Sarich is hit by Jean-Pierre Dumont and loses puck.

ShootOut


5:00 of 1st overtime period - Penalty Shot by Maxim Afinogenov for Nordiques.
5:00 of 1st overtime period - Wrist shot by Maxim Afinogenov.
5:00 of 1st overtime period - Stopped by Nikolai Khabibulin.
5:00 of 1st overtime period - Penalty Shot by Alexander Ovechkin for Predators.
5:00 of 1st overtime period - Backhand shot by Alexander Ovechkin.
5:00 of 1st overtime period - Stopped by John Grahame.
5:00 of 1st overtime period - Penalty Shot by Dany Heatley for Nordiques.
5:00 of 1st overtime period - Deke by Dany Heatley.
5:00 of 1st overtime period - Goal by Dany Heatley.
5:00 of 1st overtime period - Penalty Shot by Joe Thornton for Predators.
5:00 of 1st overtime period - Snap shot by Joe Thornton.
5:00 of 1st overtime period - Stopped by John Grahame.
5:00 of 1st overtime period - Penalty Shot by Mike Cammalleri for Nordiques.
5:00 of 1st overtime period - Backhand shot by Mike Cammalleri.
5:00 of 1st overtime period - Goal by Mike Cammalleri.


Output by the SimonT Hockey Simulator (STHS) for François Prévost -- Original Page W3C XHTML 1.0 Valid
Hockey Simulator - Hockey Simulation - Hockey Manager